[Event "Skalica Open 2019"]
[Site "Skalica"]
[Date "2019.08.26"]
[Round "3.7"]
[White "Kapusta, Petr"]
[Black "Manik, Mikulas"]
[Result "0-1"]
[ECO "B83"]
[WhiteElo "2157"]
[BlackElo "2374"]
[Annotator "NA"]
[PlyCount "130"]
[EventDate "2019.08.25"]
[EventType "swiss"]
[EventCountry "SVK"]
[SourceTitle "playchess.com"]
[Source "ChessBase"]
[SourceQuality "1"]
[TimeControl "40/5400+30:1800+30"]

1. e4 c5 2. Nf3 d6 3. d4 cxd4 4. Nxd4 Nf6 5. Nc3 Nc6 6. Be2 e6 7. Be3 Be7 8. O-O O-O 9. Kh1 Nxd4 10. Bxd4 e5 11. Be3 a6 12. a4 Be6 13. f4 exf4 14. Rxf4 Nd7 15. Nd5 Bg5 16. Rf3 Bxe3 17. Rxe3 Rc8 18. c3 Bxd5 19. Qxd5 Qb6 20. Qd2 Ne5 21. Rg3 f6 22. Rf1 Rc7 23. Bg4 Nxg4 24. Rxg4 Qc6 25. h4 Re7 26. Qd4 h5 27. Rgf4 Rfe8 28. Qd5+ Qxd5 29. exd5 Re2 30. b3 Rd2 31. c4 Ree2 32. Rg1 Re3 33. b4 Ra3 34. a5 Rb3 35. c5 dxc5 36. bxc5 Rxd5 37. Rc1 Rb5 38. c6 bxc6 39. Rxc6 Rxa5 40. Rc8+ Kh7 41. Rc7 Rd6 42. Ra7 Ra2 43. Rf5 Kg6 44. Rf3 Rd4 45. Rg3+ Rg4 46. Rxg4+ hxg4 47. Kh2 Ra3 48. h5+ Kxh5 49. Rxg7 a5 50. Rg8 a4 51. Rg7 f5 52. Rg8 f4 53. Rh8+ Kg5 54. Rg8+ Kf5 55. Rf8+ Ke4 56. Re8+ Kd4 57. Rg8 Rg3 58. Ra8 a3 59. Ra4+ Ke5 60. Ra5+ Kf6 61. Rb5 Re3 62. Ra5 Re2 63. Rxa3 f3 64. Ra4 Rxg2+ 65. Kh1 Rg3 0-1

[Event "Skalica Open 2019"]
[Site "Skalica"]
[Date "2019.08.26"]
[Round "3.9"]
[White "Jablonicky, Martin"]
[Black "Kalisky, Vladimir"]
[Result "1-0"]
[ECO "C90"]
[WhiteElo "2343"]
[BlackElo "2179"]
[Annotator "NA"]
[PlyCount "71"]
[EventDate "2019.08.25"]
[EventType "swiss"]
[EventCountry "SVK"]
[SourceTitle "playchess.com"]
[Source "ChessBase"]
[SourceQuality "1"]
[TimeControl "40/5400+30:1800+30"]

1. e4 e5 2. Nf3 Nc6 3. Bb5 a6 4. Ba4 Nf6 5. d3 b5 6. Bb3 d6 7. c3 Be7 8. O-O O-O 9. Re1 Na5 10. Bc2 c5 11. Nbd2 Nc6 12. Nf1 Re8 13. a4 Rb8 14. axb5 axb5 15. h3 Bf8 16. d4 h6 17. Ng3 Qc7 18. d5 Na5 19. Nh4 g6 20. Qf3 Nh7 21. Nhf5 Ng5 22. Qg4 f6 23. h4 gxf5 24. exf5 Nc4 25. hxg5 fxg5 26. f4 Qg7 27. Nh5 Qf7 28. fxg5 e4 29. Nf6+ Kh8 30. Nxe8 Bxf5 31. Qf4 Rxe8 32. Rf1 Re5 33. g4 e3 34. Bxf5 e2 35. Re1 Qxd5 36. Be6 1-0

[Event "Skalica Open 2019"]
[Site "Skalica"]
[Date "2019.08.26"]
[Round "3.10"]
[White "Danada, Tomas"]
[Black "Kuna, Martin"]
[Result "1-0"]
[ECO "A06"]
[WhiteElo "2266"]
[BlackElo "1969"]
[Annotator "NA"]
[PlyCount "37"]
[EventDate "2019.08.25"]
[EventType "swiss"]
[EventCountry "SVK"]
[SourceTitle "playchess.com"]
[Source "ChessBase"]
[SourceQuality "1"]
[TimeControl "40/5400+30:1800+30"]

1. Nf3 d5 2. b3 Nf6 3. Bb2 Bf5 4. g3 e6 5. Bg2 h6 6. O-O Be7 7. d3 O-O 8. Nbd2 Nbd7 9. Re1 Bh7 10. h3 c5 11. e4 Rb8 12. c4 b5 13. cxd5 exd5 14. a4 c4 15. axb5 cxd3 16. Nd4 dxe4 17. Nc6 Qe8 18. Nxe4 Bxe4 19. Bxe4 1-0

[Event "Skalica Open 2019"]
[Site "Skalica"]
[Date "2019.08.26"]
[Round "3.11"]
[White "Karas, Marek"]
[Black "Skalsky, Alexandr"]
[Result "1/2-1/2"]
[ECO "A04"]
[WhiteElo "2233"]
[BlackElo "2128"]
[Annotator "NA"]
[PlyCount "89"]
[EventDate "2019.08.25"]
[EventType "swiss"]
[EventCountry "SVK"]
[SourceTitle "playchess.com"]
[Source "ChessBase"]
[SourceQuality "1"]
[TimeControl "40/5400+30:1800+30"]

1. Nf3 g6 2. e4 Bg7 3. d4 d6 4. Bc4 Nf6 5. Qe2 Nc6 6. c3 Bg4 7. h3 Bxf3 8. Qxf3 e5 9. d5 Ne7 10. Bd3 O-O 11. c4 c5 12. Nc3 Kh8 13. g4 Nfg8 14. Qg2 f5 15. f3 Nf6 16. Be3 f4 17. Bd2 a5 18. Kf2 Ra6 19. Qf1 Qa8 20. Bc2 Qa7 21. Ba4 Qb6 22. Qc1 Rfa8 23. Kg2 Qd8 24. a3 Nc8 25. b3 Nb6 26. Bb5 R6a7 27. Qb2 Nbd7 28. Be1 Ne8 29. Bf2 Nc7 30. Ra2 Bf8 31. Rha1 Nxb5 32. Nxb5 Ra6 33. Be1 Nb6 34. Qe2 Nd7 35. Rc2 Kg8 36. Kh1 Be7 37. Qg2 Kf7 38. Qh2 Kg8 39. h4 h6 40. Qh3 Nf8 41. h5 g5 42. Qf1 Nd7 43. Qd3 Qc8 44. Rb1 Bd8 45. a4 1/2-1/2

[Event "Skalica Open 2019"]
[Site "Skalica"]
[Date "2019.08.26"]
[Round "3.12"]
[White "Rakovsky, Jakub"]
[Black "Bochnicka, Vladimir"]
[Result "0-1"]
[ECO "B34"]
[WhiteElo "1765"]
[BlackElo "2193"]
[Annotator "NA"]
[PlyCount "94"]
[EventDate "2019.08.25"]
[EventType "swiss"]
[EventCountry "SVK"]
[SourceTitle "playchess.com"]
[Source "ChessBase"]
[SourceQuality "1"]
[TimeControl "40/5400+30:1800+30"]

1. e4 c5 2. Nf3 Nc6 3. d4 cxd4 4. Nxd4 Nf6 5. Nc3 e5 6. Nf5 d5 7. exd5 Bxf5 8. dxc6 Qxd1+ 9. Kxd1 bxc6 10. Be3 Ng4 11. Bd3 Rd8 12. Ke2 Nxe3 13. fxe3 Bg4+ 14. Kf2 Be7 15. h3 Be6 16. Rad1 f5 17. Be2 O-O 18. Rxd8 Rxd8 19. Rd1 Kf7 20. Rxd8 Bxd8 21. b3 Ke7 22. Na4 Kd6 23. c4 e4 24. Bf1 g5 25. g3 Bf6 26. Bg2 Be5 27. h4 gxh4 28. gxh4 Bc8 29. Bh3 Bf6 30. h5 Ke5 31. Nc3 Bh4+ 32. Kg2 Bg5 33. Nd1 Be6 34. Kf2 Bf7 35. Bg2 Bxh5 36. Nc3 Bg4 37. Ne2 h5 38. Ng1 f4 39. exf4+ Bxf4 40. Ne2 h4 41. Nxf4 Kxf4 42. c5 h3 43. Bh1 e3+ 44. Ke1 Bf3 45. Bxf3 Kxf3 46. Kf1 h2 47. Ke1 h1=Q# 0-1

[Event "Skalica Open 2019"]
[Site "Skalica"]
[Date "2019.08.26"]
[Round "3.13"]
[White "Londin, Simon"]
[Black "Matejovic, Juraj"]
[Result "0-1"]
[ECO "B23"]
[WhiteElo "2038"]
[BlackElo "2237"]
[Annotator "NA"]
[PlyCount "52"]
[EventDate "2019.08.25"]
[EventType "swiss"]
[EventCountry "SVK"]
[SourceTitle "playchess.com"]
[Source "ChessBase"]
[SourceQuality "1"]
[TimeControl "40/5400+30:1800+30"]

1. e4 c5 2. Nc3 e6 3. f4 Nc6 4. Nf3 d6 5. Bb5 Bd7 6. d3 Nge7 7. Bc4 Na5 8. Bb3 Nxb3 9. axb3 Nc6 10. O-O Be7 11. e5 d5 12. Ne1 O-O 13. Qh5 f5 14. Qe2 a6 15. Nf3 b5 16. Bd2 Qc7 17. Rfc1 Rfb8 18. Nd1 Be8 19. Ne1 Nd4 20. Qf2 Bh5 21. Be3 Ne2+ 22. Kh1 Nxc1 23. Rxc1 a5 24. Qd2 a4 25. Bg1 axb3 26. cxb3 Qa5 0-1

[Event "Skalica Open 2019"]
[Site "Skalica"]
[Date "2019.08.26"]
[Round "3.14"]
[White "Khmelev, Mikhail"]
[Black "Gasa, Patrik"]
[Result "1-0"]
[ECO "B28"]
[WhiteElo "2021"]
[BlackElo "2187"]
[Annotator "NA"]
[PlyCount "69"]
[EventDate "2019.08.25"]
[EventType "swiss"]
[EventCountry "SVK"]
[SourceTitle "playchess.com"]
[Source "ChessBase"]
[SourceQuality "1"]
[TimeControl "40/5400+30:1800+30"]

1. e4 c5 2. Nf3 a6 3. c3 d5 4. exd5 Qxd5 5. d4 e6 6. Be2 Nf6 7. O-O Nc6 8. Bf4 Be7 9. Ne5 cxd4 10. Bf3 Qb5 11. Nxc6 bxc6 12. Qxd4 c5 13. Qd2 Bb7 14. Na3 Qb6 15. Nc4 Qa7 16. Bxb7 Qxb7 17. a4 O-O 18. Qe2 Rad8 19. Rfd1 Rxd1+ 20. Rxd1 Rd8 21. Rxd8+ Bxd8 22. h3 Be7 23. Kh2 h6 24. Be5 Qd7 25. Nb6 Qb7 26. Nc4 Qd7 27. b3 Nd5 28. Qc2 Bf6 29. Bxf6 Nxf6 30. Qd2 Qb7 31. Qd8+ Kh7 32. Qd3+ Kg8 33. Qd8+ Kh7 34. Qb6 Qxb6 35. Nxb6 1-0

[Event "Skalica Open 2019"]
[Site "Skalica"]
[Date "2019.08.26"]
[Round "3.15"]
[White "Husek, Martin"]
[Black "Benes, Miroslav"]
[Result "1-0"]
[ECO "C50"]
[WhiteElo "2182"]
[BlackElo "2107"]
[Annotator "NA"]
[PlyCount "71"]
[EventDate "2019.08.25"]
[EventType "swiss"]
[EventCountry "SVK"]
[SourceTitle "playchess.com"]
[Source "ChessBase"]
[SourceQuality "1"]
[TimeControl "40/5400+30:1800+30"]

1. e4 e5 2. Nf3 Nc6 3. Bc4 Nf6 4. d3 Bc5 5. O-O d6 6. c3 a6 7. a4 Ba7 8. a5 h6 9. Re1 O-O 10. Nbd2 Kh8 11. h3 Ng8 12. Nf1 f5 13. exf5 Bxf5 14. Ng3 Bd7 15. Be3 Bxe3 16. Rxe3 Nge7 17. Qb3 Rb8 18. d4 exd4 19. cxd4 Nf5 20. Nxf5 Rxf5 21. d5 Rxf3 22. Rxf3 Nd4 23. Qd3 Nxf3+ 24. Qxf3 Qg5 25. Bd3 Re8 26. Qf7 Rd8 27. Re1 Bb5 28. Bxb5 axb5 29. Qxc7 Rf8 30. Qxd6 Rf6 31. Qe5 Qd2 32. Re2 Qxa5 33. d6 Qd8 34. Qe8+ Rf8 35. d7 Kg8 36. Qxd8 1-0

[Event "Skalica Open 2019"]
[Site "Skalica"]
[Date "2019.08.26"]
[Round "3.16"]
[White "Lhotska, Anna"]
[Black "Kantorik, Marian"]
[Result "0-1"]
[ECO "A13"]
[WhiteElo "1966"]
[BlackElo "2164"]
[Annotator "NA"]
[PlyCount "110"]
[EventDate "2019.08.25"]
[EventType "swiss"]
[EventCountry "SVK"]
[SourceTitle "playchess.com"]
[Source "ChessBase"]
[SourceQuality "1"]
[TimeControl "40/5400+30:1800+30"]

1. c4 e6 2. Nc3 c5 3. Nf3 Nf6 4. e3 Be7 5. Be2 O-O 6. O-O d6 7. a3 b6 8. b4 Nbd7 9. d4 Bb7 10. Bb2 cxd4 11. exd4 a6 12. Nd2 Rc8 13. f4 Re8 14. Bd3 Nf8 15. Qe1 g6 16. Qf2 Ng4 17. Qe2 f5 18. Nf3 Bf6 19. Nd1 Qc7 20. h3 Nh6 21. Ne3 Nf7 22. Rac1 Nd7 23. Qd2 Qb8 24. Bb1 Rcd8 25. d5 e5 26. fxe5 dxe5 27. Ba2 Rc8 28. Rc2 Be7 29. Rfc1 Bd6 30. Kh1 Bf8 31. Qf2 Qd6 32. Nf1 Bh6 33. Re1 Rc7 34. Rce2 Bg7 35. Bc1 a5 36. bxa5 bxa5 37. a4 Nc5 38. Ba3 Nd3 39. Bxd6 Nxf2+ 40. Rxf2 Nxd6 41. Rc2 Bxd5 42. Rd1 Bxf3 43. gxf3 Nf7 44. c5 Kf8 45. Ne3 Ng5 46. Kg2 Ne6 47. c6 Nd4 48. Rc5 Rxc6 49. Rxa5 f4 50. Ra7 Rb8 51. Rf7+ Ke8 52. Rxg7 Rb2+ 53. Kh1 fxe3 54. Bd5 Rcc2 55. f4 exf4 0-1

[Event "Skalica Open 2019"]
[Site "Skalica"]
[Date "2019.08.26"]
[Round "3.17"]
[White "Bilczewski, Kacper"]
[Black "Gresova, Zuzana"]
[Result "0-1"]
[ECO "B22"]
[WhiteElo "2116"]
[BlackElo "2008"]
[Annotator "NA"]
[PlyCount "132"]
[EventDate "2019.08.25"]
[EventType "swiss"]
[EventCountry "SVK"]
[SourceTitle "playchess.com"]
[Source "ChessBase"]
[SourceQuality "1"]
[TimeControl "40/5400+30:1800+30"]

1. e4 c5 2. c3 d5 3. exd5 Qxd5 4. d4 Nf6 5. Nf3 Bg4 6. Be2 e6 7. O-O Bd6 8. h3 Bh5 9. c4 Qc6 10. dxc5 Bxc5 11. Nc3 O-O 12. Ne5 Bxe2 13. Qxe2 Qc8 14. Bg5 Nbd7 15. Rad1 a6 16. a3 Re8 17. Rd2 Qc7 18. Nxd7 Nxd7 19. Rfd1 Nf8 20. Qg4 f5 21. Qe2 h6 22. Bh4 g5 23. Qh5 gxh4 24. Qxh6 Qe7 25. b4 Ba7 26. Re1 Qh7 27. Qg5+ Qg7 28. Qxg7+ Kxg7 29. Red1 Rac8 30. c5 Bb8 31. Na4 Bc7 32. Nb2 Rcd8 33. Nc4 Rxd2 34. Rxd2 Rd8 35. Rxd8 Bxd8 36. Nd6 Nd7 37. Nxb7 Bc7 38. a4 Kf7 39. b5 axb5 40. axb5 Ne5 41. b6 Bb8 42. Na5 Nd7 43. Nb3 Kf6 44. b7 Be5 45. Kf1 Bc7 46. c6 Nb8 47. Nd4 Bb6 48. Ke2 Ke7 49. f4 Kd6 50. Nf3 Bd8 51. Nd4 Bc7 52. Nf3 Kxc6 53. Nxh4 Bxf4 54. Ng6 Bh6 55. h4 Kxb7 56. Ne5 Nc6 57. Nf7 Bg7 58. h5 Kc7 59. h6 Bf6 60. h7 Ne5 61. h8=Q Bxh8 62. Nxh8 Kd6 63. Ke3 Ke7 64. Kd4 Kf6 65. Kc5 Nd3+ 66. Kd6 Nf4 0-1

[Event "Skalica Open 2019"]
[Site "Skalica"]
[Date "2019.08.26"]
[Round "3.18"]
[White "Kovarikova, Maria"]
[Black "Jun, Rudolf Jr."]
[Result "0-1"]
[ECO "B24"]
[WhiteElo "1854"]
[BlackElo "2114"]
[Annotator "NA"]
[PlyCount "92"]
[EventDate "2019.08.25"]
[EventType "swiss"]
[EventCountry "SVK"]
[SourceTitle "playchess.com"]
[Source "ChessBase"]
[SourceQuality "1"]
[TimeControl "40/5400+30:1800+30"]

1. e4 c5 2. Nc3 Nc6 3. g3 g6 4. Bg2 Bg7 5. d3 e6 6. f4 Nge7 7. Nf3 d6 8. O-O O-O 9. Be3 a6 10. Rb1 b5 11. g4 f5 12. h3 Bb7 13. exf5 gxf5 14. Ne2 Nd5 15. Bd2 Nf6 16. g5 Nd5 17. c4 Nc7 18. h4 d5 19. cxb5 axb5 20. h5 Bh8 21. a3 c4 22. d4 Ne8 23. Bc3 Nd6 24. Qe1 Ne4 25. Kh1 Qe7 26. Rg1 Ra4 27. Bh3 b4 28. axb4 Nxb4 29. Bxb4 Rxb4 30. h6 Rb3 31. Nc3 Bc6 32. g6 hxg6 33. Rxg6+ Kh7 34. Rg1 Bf6 35. Nxe4 dxe4 36. Rg7+ Bxg7 37. Ng5+ Kg8 38. h7+ Kh8 39. Qh4 e3+ 40. Kh2 Qf6 41. Rg1 Rxb2+ 42. Bg2 Qh6 43. Qxh6 Bxh6 44. Kh3 Bxg2+ 45. Rxg2 Rxg2 46. Kxg2 Bxg5 0-1

[Event "Skalica Open 2019"]
[Site "Skalica"]
[Date "2019.08.26"]
[Round "3.19"]
[White "Havelka, Ondrej"]
[Black "Chan, Naruna"]
[Result "1-0"]
[ECO "E44"]
[WhiteElo "2112"]
[BlackElo "1950"]
[Annotator "NA"]
[PlyCount "93"]
[EventDate "2019.08.25"]
[EventType "swiss"]
[EventCountry "SVK"]
[SourceTitle "playchess.com"]
[Source "ChessBase"]
[SourceQuality "1"]
[TimeControl "40/5400+30:1800+30"]

1. d4 Nf6 2. c4 e6 3. Nc3 Bb4 4. e3 b6 5. Nge2 Bb7 6. a3 Bxc3+ 7. Nxc3 d5 8. Bd3 O-O 9. O-O Nbd7 10. cxd5 exd5 11. b4 Re8 12. Qb3 c6 13. f3 Nf8 14. Ra2 Ne6 15. Re2 Qe7 16. a4 Rac8 17. Ba3 Qd7 18. Bf5 Rc7 19. Rd1 Rd8 20. Bh3 Qe8 21. Bb2 Ba6 22. b5 Bb7 23. bxc6 Bxc6 24. Ree1 Re7 25. Kf2 Bb7 26. Bf5 Ba6 27. Nb5 Qd7 28. Bd3 Qb7 29. Ba3 Red7 30. Rc1 Bxb5 31. axb5 Rc8 32. Bb4 Rdc7 33. Ra1 Rd7 34. Ra2 Qb8 35. g3 h5 36. Kg2 Rcc7 37. Rea1 Qe8 38. Kf2 Ng5 39. Bf5 Ne6 40. Ra4 Qb8 41. Qa3 g6 42. Bd3 Ng5 43. Re1 Qe8 44. Bd6 Rb7 45. Rc1 Kg7 46. Be5 Qe6 47. Rc6 1-0

[Event "Skalica Open 2019"]
[Site "Skalica"]
[Date "2019.08.26"]
[Round "3.20"]
[White "Hrbek, Stepan"]
[Black "Sefcik, Marek"]
[Result "1-0"]
[ECO "B01"]
[WhiteElo "2066"]
[BlackElo "2024"]
[Annotator "NA"]
[PlyCount "53"]
[EventDate "2019.08.25"]
[EventType "swiss"]
[EventCountry "SVK"]
[SourceTitle "playchess.com"]
[Source "ChessBase"]
[SourceQuality "1"]
[TimeControl "40/5400+30:1800+30"]

1. e4 d5 2. exd5 Qxd5 3. Nc3 Qd6 4. d4 Nf6 5. Nf3 Bg4 6. h3 Bxf3 7. Qxf3 c6 8. Be3 e6 9. Be2 Qc7 10. O-O Nbd7 11. Ne4 Nxe4 12. Qxe4 Nf6 13. Qd3 Nd5 14. c4 Nxe3 15. fxe3 O-O-O 16. Qe4 Kb8 17. Rab1 Qd7 18. b4 f5 19. Qc2 e5 20. Rfd1 e4 21. c5 Be7 22. b5 Rc8 23. b6 a6 24. Qa4 Rcd8 25. Bxa6 bxa6 26. b7 Qxb7 27. Qxc6 1-0

[Event "Skalica Open 2019"]
[Site "Skalica"]
[Date "2019.08.26"]
[Round "3.21"]
[White "Krupnova, Anna"]
[Black "Petkevich, Denis"]
[Result "1/2-1/2"]
[ECO "E73"]
[WhiteElo "1712"]
[BlackElo "1863"]
[Annotator "NA"]
[PlyCount "164"]
[EventDate "2019.08.25"]
[EventType "swiss"]
[EventCountry "SVK"]
[SourceTitle "playchess.com"]
[Source "ChessBase"]
[SourceQuality "1"]
[TimeControl "40/5400+30:1800+30"]

1. d4 Nf6 2. c4 g6 3. Nc3 Bg7 4. e4 d6 5. Be2 O-O 6. Bg5 Nbd7 7. Qd2 e5 8. d5 a5 9. f3 Nc5 10. g4 Qd7 11. h4 Ne8 12. h5 f6 13. Be3 Rf7 14. hxg6 hxg6 15. Nh3 Na4 16. Nf2 Nxc3 17. Qxc3 c5 18. O-O-O Qa4 19. Kb1 Qb4 20. Qc1 a4 21. Nd3 Qb6 22. Ka1 Bd7 23. Rh2 Kf8 24. Rdh1 Ke7 25. Rh7 Kd8 26. Kb1 Qa5 27. Kc2 b5 28. Kd1 bxc4 29. Qxc4 Bb5 30. Qc1 Rb8 31. Bd2 Qb6 32. Bc3 Kc8 33. Ke1 Rbb7 34. R7h3 Bf8 35. Qe3 Be7 36. Rh6 Rg7 37. Nf2 Bd8 38. Bxb5 Qxb5 39. Qe2 Nc7 40. Rh8 Kd7 41. R1h7 Rxh7 42. Rxh7+ Be7 43. Nd1 Qxe2+ 44. Kxe2 Nb5 45. Bd2 Nd4+ 46. Kf2 Kc8 47. Rh8+ Kd7 48. Ra8 f5 49. gxf5 gxf5 50. Rh8 Ra7 51. a3 f4 52. Kg2 Kc7 53. Rh7 Kb6 54. Nc3 Ka5 55. Be1 Rb7 56. Nd1+ Ka6 57. Rg7 Bd8 58. Rg6 Rd7 59. Nc3 Ba5 60. Kf2 Bxc3 61. Bxc3 Kb5 62. Rh6 Kc4 63. Rh8 Ra7 64. Rh6 Nb5 65. Bd2 Kd3 66. Bc1 Kc2 67. Rh1 Nd4 68. Rh6 Ra6 69. Bxf4 exf4 70. e5 Nb5 71. e6 Ra7 72. Rf6 Kxb2 73. Rf7 Nc7 74. Rd7 c4 75. e7 c3 76. Rxc7 Ra8 77. Ke2 Kc2 78. Rd7 Re8 79. Rc7 Rh8 80. Rc6 Re8 81. Rc7 Rh8 82. Rc6 Re8 1/2-1/2

[Event "Skalica Open 2019"]
[Site "Skalica"]
[Date "2019.08.26"]
[Round "3.22"]
[White "Ivanov, Alexander"]
[Black "Vlcek, Antonin"]
[Result "1/2-1/2"]
[ECO "A40"]
[WhiteElo "2473"]
[BlackElo "1686"]
[Annotator "ChessBase"]
[PlyCount "71"]
[EventDate "2019.08.25"]
[EventType "swiss"]
[EventCountry "SVK"]
[SourceTitle "playchess.com"]
[Source "ChessBase"]
[SourceQuality "1"]
[TimeControl "40/5400+30:1800+30"]

1. d4 Nf6 2. c4 e6 3. g3 d5 4. Nf3 Bb4+ 5. Bd2 Bxd2+ 6. Qxd2 Ne4 7. Qc2 Nc6 8. a3 O-O 9. Bg2 a5 10. O-O Qf6 11. e3 Ra6 12. Nbd2 Nxd2 13. Nxd2 Ne7 14. Qc3 c5 15. dxc5 Qxc3 16. bxc3 Rc6 17. Rab1 Rxc5 18. Rb5 Rxb5 19. cxb5 Bd7 20. a4 Rc8 21. Rc1 b6 22. Kf1 e5 23. Ke2 Be6 24. f4 e4 25. c4 f5 26. c5 bxc5 27. Nb3 c4 28. Nd4 Kf7 29. Kd2 Rb8 30. Kc3 Bd7 31. Ne2 Ke6 32. Nd4+ Kd6 33. h4 h5 34. Bf1 Rb6 35. Be2 g6 36. Bd1 1/2-1/2

[Event "Skalica Open 2019"]
[Site "Skalica"]
[Date "2019.08.26"]
[Round "3.23"]
[White "Kastler, Peter"]
[Black "Krakovsky, Peter"]
[Result "0-1"]
[ECO "D47"]
[WhiteElo "1724"]
[BlackElo "1000"]
[Annotator "NA"]
[PlyCount "120"]
[EventDate "2019.08.25"]
[EventType "swiss"]
[EventCountry "SVK"]
[SourceTitle "playchess.com"]
[Source "ChessBase"]
[SourceQuality "1"]
[TimeControl "40/5400+30:1800+30"]

1. d4 Nf6 2. c4 e6 3. e3 d5 4. Nf3 c6 5. Nc3 Nbd7 6. Bd3 dxc4 7. Bxc4 Be7 8. O-O O-O 9. Bd2 Nb6 10. Be2 Bd7 11. Ne5 Nbd5 12. Nxd7 Qxd7 13. Rc1 Rfd8 14. Bf3 Rac8 15. a3 Nxc3 16. Bxc3 Nd5 17. Ba5 b6 18. Bxd5 cxd5 19. Bc3 Rc7 20. Re1 Rdc8 21. Re2 Bxa3 22. Rec2 Bd6 23. g3 a5 24. Qd3 a4 25. Bd2 Rxc2 26. Rxc2 Rxc2 27. Qxc2 g6 28. Kf1 Qb5+ 29. Ke1 Qc4 30. Qc3 Qxc3 31. Bxc3 Kf8 32. Kd2 Ke7 33. Kc2 Kd7 34. b3 a3 35. b4 Kc6 36. Kb3 Kb5 37. f3 a2 38. e4 Bxb4 39. Bb2 Be1 40. exd5 exd5 41. g4 Bd2 42. Ba1 Kc6 43. Kxa2 Kd6 44. Kb3 Ke6 45. Kc2 Bf4 46. h3 Kf6 47. Bc3 Kg5 48. Be1 f5 49. h4+ Kf6 50. Bf2 fxg4 51. fxg4 h5 52. gxh5 gxh5 53. Kb3 Kf5 54. Kb4 Kg4 55. Kb5 Bg3 56. Bg1 Bxh4 57. Kxb6 Kf4 58. Kc5 Ke4 59. Kb4 Bg3 60. Kc3 h4 0-1

[Event "Skalica Open 2019"]
[Site "Skalica"]
[Date "2019.08.26"]
[Round "3.24"]
[White "Podskubka, Ondrej"]
[Black "Hrubsa, Marian"]
[Result "0-1"]
[ECO "A06"]
[WhiteElo "1684"]
[BlackElo "1888"]
[Annotator "NA"]
[PlyCount "110"]
[EventDate "2019.08.25"]
[EventType "swiss"]
[EventCountry "SVK"]
[SourceTitle "playchess.com"]
[Source "ChessBase"]
[SourceQuality "1"]
[TimeControl "40/5400+30:1800+30"]

1. Nf3 d5 2. d4 e6 3. Bf4 c5 4. c3 Nc6 5. e3 Nf6 6. h3 Bd7 7. Be2 Rc8 8. O-O Be7 9. Re1 O-O 10. Nbd2 cxd4 11. exd4 Na5 12. Ne5 Nc6 13. Ndf3 Ne4 14. Bd3 f5 15. Nxd7 Qxd7 16. Ne5 Nxe5 17. Bxe5 Bf6 18. Bh2 Qf7 19. f3 Bh4 20. fxe4 Bxe1 21. Qxe1 fxe4 22. Be2 Qg6 23. Bd6 Rf7 24. Qh4 Kh8 25. Qh5 Qxh5 26. Bxh5 Rd7 27. Bb4 g6 28. Bg4 Re8 29. Rf1 Kg7 30. Bc5 b6 31. Ba3 b5 32. h4 Rf7 33. Rxf7+ Kxf7 34. Bd6 Rc8 35. Kf2 Rc6 36. Bb4 Kf6 37. Be2 a6 38. Ke3 g5 39. hxg5+ Kxg5 40. Be7+ Kg6 41. g3 Rc7 42. Bd6 Rc6 43. Bc5 Rc7 44. Bd6 Rd7 45. Bc5 h5 46. a4 Rb7 47. axb5 axb5 48. Kf4 Rf7+ 49. Ke5 Rf2 50. Bxb5 Rxb2 51. Be8+ Kg5 52. Kxe6 e3 53. Be7+ Kg4 54. Kxd5 e2 55. Bd7+ Kf3 0-1

[Event "Skalica Open 2019"]
[Site "Skalica"]
[Date "2019.08.27"]
[Round "4.1"]
[White "Pulpan, Jakub"]
[Black "Demidov, Mikhail"]
[Result "1/2-1/2"]
[ECO "B06"]
[WhiteElo "2397"]
[BlackElo "2556"]
[Annotator "ChessBase"]
[PlyCount "88"]
[EventDate "2019.08.25"]
[EventType "swiss"]
[EventCountry "SVK"]
[SourceTitle "playchess.com"]
[Source "ChessBase"]
[SourceQuality "1"]
[TimeControl "40/5400+30:1800+30"]

1. e4 g6 2. d4 Bg7 3. Nf3 d6 4. Nc3 a6 5. a4 Nf6 6. Be2 O-O 7. O-O Bg4 8. Nd2 Bxe2 9. Qxe2 Nc6 10. Nf3 Nd7 11. Rd1 e5 12. Be3 exd4 13. Nxd4 Re8 14. f3 Qb8 15. Kh1 Ne7 16. Qd2 Ne5 17. b3 N5c6 18. Re1 Qc8 19. Rad1 Qd7 20. Nxc6 Nxc6 21. Nd5 Ne7 22. Bd4 Bxd4 23. Qxd4 Nxd5 24. Qxd5 Qc6 25. Qxc6 bxc6 26. e5 dxe5 27. Rd7 Rac8 28. Kg1 Kf8 29. Kf2 Re6 30. Red1 Re7 31. Rd8+ Rxd8 32. Rxd8+ Re8 33. Rd7 Rc8 34. Ke3 Ke8 35. Rd3 Rd8 36. Rc3 Kd7 37. Rc5 f6 38. b4 Ra8 39. Ra5 Kc8 40. g4 Kb7 41. g5 fxg5 42. Rxe5 Rd8 43. Rxg5 Re8+ 44. Kd2 Rd8+ 1/2-1/2

[Event "Skalica Open 2019"]
[Site "Skalica"]
[Date "2019.08.27"]
[Round "4.2"]
[White "Vykouk, Jan"]
[Black "Pechac, Jergus"]
[Result "1/2-1/2"]
[ECO "C42"]
[WhiteElo "2477"]
[BlackElo "2471"]
[Annotator "ChessBase"]
[PlyCount "58"]
[EventDate "2019.08.25"]
[EventType "swiss"]
[EventCountry "SVK"]
[SourceTitle "playchess.com"]
[Source "ChessBase"]
[SourceQuality "1"]
[TimeControl "40/5400+30:1800+30"]

1. e4 e5 2. Nf3 Nf6 3. Nxe5 d6 4. Nd3 Nxe4 5. Qe2 Qe7 6. Nf4 c6 7. Nc3 Nf6 8. d4 d5 9. Qxe7+ Bxe7 10. Bd3 Na6 11. a3 Nc7 12. Bd2 Bd7 13. f3 O-O-O 14. O-O-O h5 15. h4 Rde8 16. Nce2 g6 17. Bb4 Ng8 18. Bxe7 Nxe7 19. Ng3 Ne6 20. Nxe6 Bxe6 21. Rde1 Kd8 22. Kd2 Nc8 23. Re3 Bd7 24. Rhe1 Rxe3 25. Rxe3 Nd6 26. c3 Rg8 27. Re2 b6 28. Ke3 a5 29. Kd2 Bc8 1/2-1/2

[Event "Skalica Open 2019"]
[Site "Skalica"]
[Date "2019.08.27"]
[Round "4.3"]
[White "Maiorov, Nikita"]
[Black "Jablonicky, Martin"]
[Result "1-0"]
[ECO "E62"]
[WhiteElo "2512"]
[BlackElo "2343"]
[Annotator "ChessBase"]
[PlyCount "147"]
[EventDate "2019.08.25"]
[EventType "swiss"]
[EventCountry "SVK"]
[SourceTitle "playchess.com"]
[Source "ChessBase"]
[SourceQuality "1"]
[TimeControl "40/5400+30:1800+30"]

1. d4 Nf6 2. c4 g6 3. g3 Bg7 4. Bg2 O-O 5. Nf3 d6 6. O-O Nc6 7. Nc3 Bf5 8. d5 Na5 9. Nd4 Bd7 10. b3 c5 11. dxc6 Nxc6 12. Nc2 Qa5 13. Nb5 a6 14. Bd2 Qd8 15. Nc3 Rb8 16. a4 Qc8 17. Re1 Bh3 18. Bh1 h5 19. Rc1 h4 20. Ne3 hxg3 21. hxg3 Ng4 22. Ncd5 Bd4 23. Nxg4 Qxg4 24. Be3 Bxe3 25. Nxe3 Qg5 26. Qd5 Ne5 27. c5 Be6 28. Qd4 Rfd8 29. Qf4 Qxf4 30. gxf4 Nc6 31. cxd6 Rxd6 32. Nc4 Rd4 33. e3 Rd3 34. Bxc6 bxc6 35. Ne5 Rdxb3 36. Nxc6 Re8 37. Red1 Kg7 38. Nd4 Rb4 39. a5 Bg4 40. f3 Bh5 41. Rc5 Rb2 42. Rf1 Ra2 43. Rf2 Ra3 44. Re2 Rb8 45. Kf2 Rb1 46. Rd2 Rba1 47. Rc7 Rxa5 48. Rxe7 g5 49. f5 g4 50. f4 R5a2 51. Rxa2 Rxa2+ 52. Kg3 a5 53. Re5 Kf6 54. Rb5 a4 55. Rb6+ Kg7 56. f6+ Kh7 57. Rb5 Bg6 58. Ra5 Be4 59. f5 a3 60. Kxg4 Ra1 61. Kf4 Bd3 62. Nf3 Rf1 63. e4 Be2 64. Rxa3 Kh6 65. e5 Bc4 66. Ke4 Rd1 67. Nd4 Rh1 68. Nf3 Rd1 69. Ke3 Kh5 70. Kf4 Rf1 71. Rc3 Bd5 72. Rd3 Bc6 73. e6 Ra1 74. exf7 1-0